Map: Acropolis LE

Players

Erik - Winner!

  • Race: Zerg Zerg
  • Spawn Location: 5:00

Stephano

  • Race: Zerg Zerg
  • Spawn Location: 11:00

Event: 2019 WCS Summer

VOD

Have the link to the VOD?

Description

Time

  • Played on: July 12, 2019, 6:36 a.m.
  • Length: 9:03

All games in this series

Show
View Real Time Build Order
Export as new Build Order

Erik Zerg - Winner!

Build Orders: Pool First 

Get SALT Encoding   

  12  0:00  Drone  
  13  0:08  Drone  
  14  0:14  Drone, Extractor  
  15  0:22  Overlord  
  15  0:36  Spawning Pool  
  15  0:40  Drone  
  15  0:43  Drone  
  15  0:47  Drone  
  17  0:50  Extractor  
  17  0:54  Drone  
  17  1:15  Hatchery  
  16  1:23  Zergling x4  
  18  1:27  Zergling x2  
  19  1:35  Queen  
  21  1:43  Overlord  
  21  1:50  Metabolic Boost  
  21  1:54  Drone  
  22  2:01  Drone  
  23  2:10  Drone  
  23  2:12  Queen  
  26  2:26  Drone  
  26  2:28  Drone  
  28  2:40  Zergling x4  
  29  2:45  Zergling x2  
  29  2:46  Zergling x6  
  29  2:50  Zergling x2  
  34  2:56  Overlord  
  34  2:57  Queen  
  36  3:16  Drone x3  
  36  3:18  Drone x2  
  36  3:19  Drone x2  
  43  3:21  Drone  
  43  3:22  Overlord  
  43  3:35  Drone  
  40  3:42  Drone x3, Evolution Chamber  
  42  3:50  Drone  
  42  3:51  Lair  
  42  3:52  Drone  
  42  3:54  Drone  
  45  3:59  Roach Warren  
  45  4:01  Drone x3  
  47  4:08  Zerg Missile Weapons Level 1, Extractor  
  46  4:10  Extractor  
  46  4:11  Evolution Chamber  
  46  4:13  Overlord  
  46  4:14  Drone  
  46  4:16  Drone  
  46  4:23  Overlord  
  46  4:25  Drone  
  46  4:28  Drone  
  48  4:33  Drone x2  
  51  4:41  Overlord  
  51  4:42  Hatchery, Roach  
  51  4:45  Roach  
  54  4:49  Glial Reconstitution  
  54  4:53  Roach  
  54  4:54  Roach  
  58  5:03  Roach x3  
  63  5:12  Roach x6  
  72  5:20  Roach  
  74  5:29  Extractor  
  74  5:31  Drone x2  
  74  5:35  Roach  
  75  5:38  Overlord  
  75  5:39  Hatchery  
  74  5:53  Hatchery  
  74  5:55  Roach, Nydus Network  
  74  5:56  Roach  
  76  5:57  Overlord  
  76  6:00  Roach x4  
  84  6:09  Overlord  
  84  6:15  Evolution Chamber  
  84  6:17  Overlord  
  83  6:20  Roach x3  
  89  6:26  Zerg Missile Weapons Level 2  
  89  6:29  Overseer  
  89  6:33  Drone x3  
  94  6:40  Roach x2  
  96  6:49  Roach x3  
  96  6:52  Nydus Canal  
  102  7:04  Roach  
  102  7:05  Roach x2  
  102  7:06  Overlord  
  108  7:10  Overlord  
  108  7:13  Overlord  
  108  7:16  Overlord  
  108  7:19  Overlord  
  108  7:26  Roach x2  
  108  7:27  Roach  
  98  7:38  Roach  
  98  7:39  Roach x3  
  98  7:40  Nydus Canal  
  104  7:48  Roach  
  104  7:49  Roach x2  
  100  7:57  Roach x3  
  102  8:03  Roach  
  102  8:04  Roach x2  
  104  8:08  Nydus Canal  
  104  8:14  Roach x3  
  104  8:29  Overlord  
  104  8:31  Roach x4  
  106  8:35  Nydus Canal  
  106  8:38  Roach x2  
  102  8:48  Nydus Canal  
Show
View Real Time Build Order
Export as new Build Order

Stephano Zerg 

Build Orders: Hatch First 

Get SALT Encoding   

  12  0:00  Drone  
  13  0:12  Overlord  
  13  0:17  Drone  
  14  0:30  Drone x2  
  16  0:48  Hatchery  
  15  0:50  Drone  
  15  0:54  Drone  
  17  0:57  Drone  
  18  1:08  Extractor  
  17  1:13  Spawning Pool  
  17  1:15  Drone  
  17  1:18  Drone  
  18  1:27  Drone  
  19  1:38  Drone  
  20  1:49  Drone  
  21  2:00  Queen x2  
  25  2:02  Drone, Overlord  
  26  2:12  Zergling x2  
  26  2:13  Zergling x2  
  26  2:14  Metabolic Boost  
  28  2:36  Drone x4  
  30  2:46  Queen  
  30  2:48  Drone  
  30  2:49  Overlord  
  33  3:00  Drone x2, Evolution Chamber  
  34  3:12  Drone x2  
  36  3:13  Zergling x8  
  36  3:19  Zergling x4  
  42  3:23  Zergling x2  
  42  3:36  Zerg Melee Weapons Level 1  
  42  3:40  Zergling x6  
  43  3:52  Hatchery  
  42  3:59  Drone  
  42  4:00  Overlord  
  43  4:06  Evolution Chamber  
  42  4:10  Overlord  
  42  4:11  Drone  
  43  4:19  Drone x2  
  43  4:24  Drone x4  
  48  4:29  Drone  
  48  4:30  Drone  
  51  4:33  Zerg Ground Armor Level 1  
  51  4:39  Overlord  
  51  4:43  Zergling x6  
  54  4:47  Zergling x4  
  54  4:51  Zergling x4  
  58  4:57  Zergling x6  
  58  4:59  Zergling x4  
  63  5:09  Drone x3  
  63  5:10  Lair  
  63  5:12  Extractor  
  63  5:13  Drone, Extractor  
  62  5:24  Drone x8  
  62  5:27  Extractor  
  66  5:37  Zergling x12  
  68  5:49  Zergling x10  
  72  6:00  Drone x2  
  72  6:01  Overlord  
  73  6:05  Roach Warren  
  73  6:07  Zerg Missile Weapons Level 1  
  73  6:08  Overlord  
  72  6:15  Drone, Overlord  
  73  6:21  Overlord  
  73  6:25  Overlord  
  73  6:26  Overseer  
  73  6:30  Drone x7  
  73  6:31  Drone, Overlord x2  
  81  6:44  Glial Reconstitution  
  81  6:47  Roach x6  
  81  6:50  Roach  
  81  6:53  Roach  
  97  6:55  Overlord  
  97  6:57  Roach  
  97  6:59  Roach  
  100  7:02  Roach x2  
  100  7:04  Roach  
  100  7:05  Roach  
  100  7:08  Roach  
  108  7:11  Roach x2  
  108  7:14  Roach x2  
  114  7:17  Roach  
  101  7:23  Roach  
  101  7:24  Roach x3  
  101  7:25  Zergling x2  
  101  7:29  Roach x2  
  96  7:32  Roach  
  96  7:33  Roach  
  96  7:35  Roach  
  92  7:38  Roach  
  92  7:39  Roach  
  92  7:40  Roach  
  93  7:45  Roach x2  
  93  7:49  Roach x2  
  88  7:55  Roach  
  79  8:00  Roach  
  79  8:03  Roach  
  76  8:08  Roach  
  76  8:09  Roach  
  76  8:10  Roach  
  78  8:16  Roach x2, Ravager x2  
  84  8:22  Roach  
  77  8:32  Roach  
  71  8:37  Roach x2  
Tags
 
Add a new tag
Caveats
  • Supply blocks, unpowered buildings, or Contaminate may cause inaccurate times.
  • Supply counts are checked every 10 seconds.